 Dungeon Crawl Stone Soup version 0.28.0-49-g6dfe1f597d (webtiles) character file.

Game seed: 1508098679441859218

10 Exodus22XD the Covered (level 2, 27/27 HPs)
             Began as a Minotaur Fighter on May 14, 2022.
             Was a Follower of Dithmenos.
             Quit the game on level 1 of the Dungeon.
             The game lasted 00:00:19 (133 turns).

Exodus22XD the Covered (Minotaur Fighter)            Turns: 133, Time: 00:00:19

Health: 27/27      AC:  7    Str: 20    XL:     2   Next: 10%
Magic:  1/1        EV:  9    Int:  5    God:    Dithmenos [*.....]
Gold:   49         SH:  4    Dex:  9    Spells: 1/1 levels left

rFire   . . .      SeeInvis .   a - +0 war axe
rCold   . . .      Faith    .   c - +0 buckler
rNeg    . . .      Spirit   .   b - +0 scale mail
rPois   .          Reflect  .   (helmet restricted)
rElec   .          Harm     .   (no cloak)
rCorr   .          Rampage  .   (no gloves)
Will    .....                   (no boots)
Stlth   ..........              (no amulet)
HPRegen 0.09/turn               (no ring)
MPRegen 0.07/turn               (no ring)

@: wreathed by umbra
A: horns 2, retaliatory headbutt
a: Renounce Religion


You were on level 1 of the Dungeon.
You worshipped Dithmenos.
Dithmenos was aware of your devotion.
You visited 1 branch of the dungeon, and saw 1 of its levels.

You collected 49 gold pieces.

Inventory:

Hand Weapons
 a - a +0 war axe (weapon)
Armour
 b - a +0 scale mail (worn)
 c - a +0 buckler (worn)
Potions
 d - a potion of might


   Skills:
 + Level 3.9 Fighting
 + Level 2.5 Axes
 + Level 4.0 Armour
 + Level 3.8 Shields


You had one spell level left.
You didn't know any spells.
Your spell library was empty.

Dungeon Overview and Level Annotations

Branches:
Dungeon (1/15)

Altars:
Dithmenos


Innate Abilities, Weirdness & Mutations

You have a pair of horns on your head.
You reflexively headbutt those who attack you in melee.


Message History

The rat closely misses you. You block the rat's attack.
You barely miss the rat.
The rat is heavily wounded.
The rat bites you but does no damage.
You closely miss the rat. Your headbutt misses the rat.
The rat is heavily wounded.
The rat bites you but does no damage. x2
You closely miss the rat. You headbutt the rat.
You kill the rat!
No target in view!
A frilled lizard comes into view.
Found a human skeleton.
The frilled lizard hisses angrily.
Found 14 gold pieces.
An endoplasm comes into view.
Found 18 arrows and a human skeleton.
A rat comes into view.
You closely miss the frilled lizard.
The frilled lizard bites you but does no damage.
You closely miss the frilled lizard. You hit the endoplasm.
You kill the endoplasm!
The frilled lizard bites you but does no damage.
You have reached level 2!
You slash the frilled lizard!
You kill the frilled lizard!
Unknown command.
You hit the rat but do no damage. You headbutt the rat, but do no damage.
The rat barely misses you. You furiously retaliate!
You headbutt the rat!
You kill the rat!
Your Armour skill increases to level 4!
No target in view!
No target in view!
Found a human skeleton.
Found a faded altar of an unknown god.
You now have 49 gold pieces (gained 14).
There is a faded altar of an unknown god here.
You cannot tell which god this altar belongs to.
Convert to them anyway?
Dithmenos accepts your prayer! Dithmenos welcomes you!
You are shrouded in an aura of darkness!
Are you sure you want to abandon this character and quit the game? (Confirm with "yes".)

###..# #(##.####
#....####.##.....
#.#.........#.###
##.8.8...#†.###.##
#.......8..## ##..
#...........# #.##
#÷......8....#.#
#........#.##..#
#@..÷.÷..#.###.#
##########.# .#
#.# . #.# #


There were no monsters in sight!

Vanquished Creatures
  A dart slug (D:1)
  3 endoplasms (D:1)
  A hobgoblin (D:1)
  A frilled lizard (D:1)
  2 rats (D:1)
8 creatures vanquished.

Notes
Turn   | Place    | Note
-------+----------+-------------------------------------------
     0 | D:1      | Exodus22XD the Minotaur Fighter began the quest for the
                  | Orb.
     0 | D:1      | Reached XP level 1. HP: 19/19 MP: 0/0
   120 | D:1      | Reached XP level 2. HP: 27/27 MP: 1/1
   122 | D:1      | Reached skill level 4 in Armour
   123 | D:1      | Found a faded altar of an unknown god.
   132 | D:1      | Prayed at the altar of an unknown god.
   132 | D:1      | Became a worshipper of Dithmenos the Shadowed
   132 | D:1      | Reached * piety under Dithmenos
   133 | D:1      | Quit the game

Illustrated notes

Levels and vault maps discovered:
D:1:      minmay_arrival_wavy_path, layout_loops_ring,
          shapermc_ecumenical_altar_pompeii, minmay_misc_feat_hallway

Skill      XL: |  1  2 |
---------------+-------+-----
Armour         | 4 |  4.0
Fighting       | |  3.9
Axes           | |  2.5
Shields        | |  3.8

Action                   || total
-------------------------++-------
Melee: War axe           ||    17
       Headbutt          ||     3
Armor: Scale mail        ||    11
Dodge: Dodged            ||     3
Block: Buckler           ||     1
